Description

Maru-Time

Replay - Maru v ShoWTimE: Game 4 - Acid Plant LE

Build Order

Get SALT Encoding   

  12  0:00  SCV  
  13  0:13  SCV  
  14  0:17  Supply Depot  
  14  0:25  SCV  
  15  0:39  SCV  
  15  0:42  Barracks  
  16  0:46  Refinery  
  16  0:51  SCV  
  16  0:56  Refinery  
  17  1:03  SCV  
  18  1:15  SCV  
  19  1:29  Reaper, Orbital Command  
  20  1:36  Supply Depot  
  20  1:44  Factory  
  20  1:55  SCV  
  21  2:07  SCV  
  22  2:19  SCV  
  23  2:28  Cyclone  
  26  2:32  Starport  
  27  2:43  Supply Depot  
  28  2:57  Command Center  
  29  3:09  Cyclone  
  29  3:12  Starport Tech Lab  
  32  3:31  Raven  
  32  3:32  Barracks  
  37  4:08  Factory Reactor  
  38  4:12  Barracks x2  
  39  4:19  Orbital Command, Bunker  
  39  4:26  Marine, Engineering Bay  
  39  4:27  Starport Reactor  
  39  4:30  Stimpack  
  41  4:44  Marine  
  42  4:51  Factory Reactor  
  44  4:56  Missile Turret  
  44  4:57  Terran Infantry Weapons Level 1  
  44  5:02  Marine  
  44  5:05  Supply Depot  
  46  5:10  Missile Turret  
  46  5:11  Marine x4  
  46  5:12  Starport Reactor  
  49  5:20  Supply Depot  
  53  5:29  Widow Mine x2  
  53  5:32  Marine x3  
  61  5:42  Marauder  
  65  5:50  Widow Mine x2  
  65  5:55  Medivac x2  
  78  6:06  Marauder  
  80  6:14  Widow Mine x2  
  84  6:24  Refinery  
  90  6:28  Medivac  
  90  6:31  Combat Shields  
  92  6:38  Marauder  
  99  6:53  Command Center  
  99  6:58  Widow Mine  
  101  7:08  Marauder, Widow Mine  
  109  7:29  Marauder  
  114  7:38  Medivac x2  
  114  7:39  Barracks x2  
  114  7:41  Terran Infantry Armor Level 1  
  118  7:51  Marauder  
  120  7:53  Concussive Shells  
  120  7:56  Refinery  
  126  8:11  Medivac  
  126  8:12  Marauder  
  129  8:18  Orbital Command  
  131  8:32  Barracks Tech Lab x2  
  131  8:33  Marauder  
  138  8:47  Liberator, Armory  
  139  8:48  Engineering Bay  
  139  8:52  Liberator  
  139  8:55  Marauder  
  133  9:00  Marauder  
  147  9:20  Starport  
  149  9:29  Refinery x2, Fusion Core  
  152  9:36  Terran Infantry Weapons Level 2  
  158  9:50  Terran Infantry Armor Level 2  
  158  9:58  Liberator  
Spawning Tool Build Advisor. Get it on Overwolf

Go to:

Details

  • Created by: Artur
  • Published on: Apr 10, 2018
  • Modified on: Apr 10, 2018
  • Patch: 4.0.0
Show
View Real Time Build Order
Export as new Build Order

Comments (0)

There are no comments. Be the first!

Create an account to comment!